 Dungeon Crawl Stone Soup version 0.31.0-12-g77e489cdc1 (webtiles) character file.

Game seed: 5440355432709129421

2 blazefirestorm the Slasher (level 1, 0/18 HPs)
             Began as a Merfolk Cinder Acolyte on Feb 21, 2024.
             Was a High Priest of Ignis.
             Slain by a ball python (1 damage)
             ... on level 1 of the Dungeon.
             The game lasted 00:02:34 (106 turns).

blazefirestorm the Slasher (Merfolk Cinder Acolyte)  Turns: 106, Time: 00:02:35

Health: 0/18       AC:  2    Str: 14    XL:     1   Next: 40%
Magic:  2/2        EV:  8    Int: 13    God:    Ignis [*****.]
Gold:   0          SH:  0    Dex:  9    Spells: 2/2 levels left

rFire   + . .        a - -1 falchion (flame)
rCold   . . .        (no shield)
rNeg    . . .        b - +0 robe
rPois   .            (no helmet)
rElec   .            (no cloak)
rCorr   .            (no gloves)
SInv    .            (no boots)
Will    .....        (no amulet)
Stlth   +            (no ring)
HPRegen 0.23/turn    (no ring)
MPRegen 0.08/turn

%: no passive effects
@: constricted
A: (nimble swimmer 2), mertail
a: Renounce Religion, Fiery Armour, Foxfire Swarm, Rising Flame


You were on level 1 of the Dungeon.
You worshipped Ignis.
Ignis was extremely pleased with you.
You visited 1 branch of the dungeon, and saw 1 of its levels.

Inventory:

Hand Weapons
 a - a -1 falchion of flaming (weapon)
Missiles
 f - 6 atropa-tipped darts (quivered)
Armour
 b - a +0 robe (worn)
Scrolls
 c - a scroll of identify {unknown}
 d - a scroll of amnesia {unknown}


   Skills:
 + Level 3.3 Fighting
 + Level 3.7 Long Blades
 + Level 1.0 Spellcasting
 + Level 2.2 Fire Magic


You had 2 spell levels left.
You didn't know any spells.
Your spell library contained the following spells:

 Spells                   Type           Power      Damage    Failure   Level
 Scorch                   Fire           12%        2d5       17%         2
 Mercury Vapours          Alch/Air       0%         N/A       38%         2
 Mephitic Cloud           Conj/Alch/Air  0%         N/A       63%         3
 Freezing Cloud           Conj/Ice/Air   0%         6-21      100%        5


Dungeon Overview and Level Annotations

Branches:
Dungeon (1/15)

Altars:

Shops:
D:1 (


Innate Abilities, Weirdness & Mutations

((You are very nimble when in or above water. (Stealth+, EV+, Speed+++)))
Your lower body shifts to a powerful aquatic tail in water.


Message History

Found 2 metallic sapphire potions.
You see here 6 atropa-tipped darts.
You see here 6 atropa-tipped darts.
f - 6 atropa-tipped darts A rat comes into view.
The rat squeaks loudly.
A ball python comes into view.
A kobold comes into view. It is wielding a +0 dagger.
The kobold shouts!
The ball python hisses angrily.
You hit the kobold. You burn the kobold.
The kobold is severely wounded.
A bat comes into view.
The kobold hits you with a +0 dagger. The ball python closely misses you.
The ball python grabs you. The ball python constricts you.
The bat moves out of view.
You closely miss the kobold.
The kobold is severely wounded.
The kobold hits you with a +0 dagger. The ball python closely misses you.
The ball python constricts you.
You miss the kobold.
The kobold is severely wounded.
The kobold hits you with a +0 dagger. The rat bites you.
The ball python bites you. The ball python constricts you.
You hit the ball python. You burn the ball python.
The ball python is severely wounded.
The bat hits you but does no damage. The ball python completely misses you.
The ball python constricts you. The kobold barely misses you.
The rat bites you. The ball python barely misses you.
The ball python constricts you.
You barely miss the ball python.
The ball python is severely wounded.
The bat hits you but does no damage. The kobold hits you but does no damage.
The rat barely misses you. The ball python bites you.
* * * LOW HITPOINT WARNING * * *
The ball python constricts you. The kobold hits you with a +0 dagger.
* * * LOW HITPOINT WARNING * * *
The rat bites you but does no damage.
It was a potion of cancellation.
You feel magically purged. The bat hits you but does no damage.
The ball python bites you.
You die...

#.#####...###.#
#.#.........#.### ...
##.#............. ...
##.#.........#.####...
##.#..............#.#
....................#
#..######...........#
##.............rKb..#
..###.##.......S@!..#
.##.#'##...........##
.##...###....[#...##
.'.†....#....######
##..∩..##....#
#..[...+.....
###...##.....
#+#.###### . ###


You could see a bat, a ball python, a kobold and a rat.

Vanquished Creatures
  A giant cockroach (D:1)
  A frilled lizard (D:1)
  A kobold (D:1)
3 creatures vanquished.

Notes
Turn   | Place    | Note
-------+----------+-------------------------------------------
     0 | D:1      | blazefirestorm the Merfolk Cinder Acolyte began the quest
                  | for the Orb.
     0 | D:1      | Reached XP level 1. HP: 18/18 MP: 2/2
    50 | D:1      | Found Nigadupp's Weapon Shop.
   106 | D:1      | Slain by a ball python

Illustrated notes

Levels and vault maps discovered:
D:1:      lordsloth_arrival_two_stooges, layout_rooms, serial_shops,
          nicolae_shop_rolling_square, st_stairs_8

Action                     || total
---------------------------++-------
  Melee: Falchion          ||    10
    Use: Potion            ||     2
 Armour: Robe              ||    14
  Dodge: Dodged            ||    10
